 Dungeon Crawl Stone Soup version 0.29.1-15-g9cfb28693d (webtiles) character file.

Game seed: 17294565975511040901

19 Alexito the Ruffian (level 2, 0/28 HPs)
             Began as a Troll Gladiator on May 2, 2023.
             Slain by an orc priest
             ... wielding a +0 hand axe
              (4 damage)
             ... on level 2 of the Dungeon.
             The game lasted 00:04:50 (263 turns).

Alexito the Ruffian (Troll Gladiator)                Turns: 263, Time: 00:04:51

Health: 0/28       AC:  4    Str: 21    XL:     2   Next: 55%
Magic:  0/1        EV: 10    Int:  4    God:
Gold:   33         SH:  0    Dex: 11    Spells: 1/1 levels left

rFire   . . .      SeeInvis .     - Unarmed
rCold   . . .      Faith    .   (no shield)
rNeg    . . .      Spirit   +   e - +0 robe
rPois   .          Reflect  .   b - +0 hat
rElec   .          Harm     .   (no cloak)
rCorr   .          Rampage  .   (gloves unavailable)
Will    .....                   (boots unavailable)
Stlth   +.........              g - amulet of guardian spirit
HPRegen 0.89/turn               (no ring)
MPRegen 0.07/turn               (no ring)

@: no status effects
A: large, unfitting armour, claws 3, regeneration 1, shaggy fur 1, tough skin 1
a: no special abilities


You were on level 2 of the Dungeon.
You visited 1 branch of the dungeon, and saw 2 of its levels.

You collected 33 gold pieces.

Inventory:

Missiles
 c - 3 throwing nets
 d - a large rock (quivered)
 j - 9 stones
Armour
 b - a +0 hat (worn)
 e - a +0 robe (worn)
Jewellery
 g - an amulet of guardian spirit (around neck)
Scrolls
 a - a scroll of brand weapon {unknown}
 i - a scroll of poison {unknown}
 k - a scroll of enchant weapon {unknown}
Potions
 f - a potion of cancellation {unknown}
 h - 2 potions of might {unknown}


   Skills:
 + Level 1.7 Fighting
 + Level 1.8 Throwing
 + Level 2.8 Dodging
 + Level 0.1 Stealth
 + Level 3.3 Unarmed Combat


You had one spell level left.
You didn't know any spells.
Your spell library was empty.

Dungeon Overview and Level Annotations

Branches:
Dungeon (2/15)

Altars:


Innate Abilities, Weirdness & Mutations

You are too large for most types of armour.
You have claws for hands.
Your natural rate of healing is unusually fast.
You are covered in fur. (AC +1)
You have tough skin. (AC +1)


Message History

There is a stone staircase leading up here.
Found a sling.
Found a stone staircase leading up.
There is a stone staircase leading up here.
Found a scroll labelled HUDUNO JUCVAL.
You see here a +0 sling.
Found 11 gold pieces.
k - a scroll labelled HUDUNO JUCVAL An orc priest and 2 orcs come into view.
The orc priest shouts!
The orc shouts! x2
The orc priest moves out of view.
The orc moves out of view.
An orc comes into view.
It is wielding a +0 flail of holy wrath.
You closely miss the orc.
The orc shouts!
You scratch the orc.
The orc is heavily wounded.
The orc hits you with a +0 dagger.
You barely miss the orc.
The orc is heavily wounded.
You claw the orc!
You kill the orc!
You barely miss the orc.
The orc is heavily wounded.
You scratch the orc priest but do no damage.
The orc hits you with a +0 dagger.
The orc priest invokes the aid of Beogh against you.
Pain shoots through your body!
You claw the orc!
You kill the orc!
You scratch the orc priest but do no damage.
The orc priest hits you with a +0 hand axe.
You closely miss the orc. The orc hits you with a +0 dagger.
The orc priest calls down the wrath of Beogh upon you.
Beogh smites you!
Ouch! That really hurt!
* * * LOW HITPOINT WARNING * * *
An endoplasm comes into view.
The endoplasm quivers.
You completely miss the orc priest. The orc hits you but does no damage.
The orc priest hits you with a +0 hand axe.
You die...

### # ..# #J#. #.#
## .....####.##.##
#.....o@#.#...##
###.#.#o#......###
# #.#.........
#........#
#######)...##
>.#...<#.##
#.#.###### #.#.#
#.<.#


You could see an orc priest, an orc and an endoplasm.

Vanquished Creatures
  A dart slug (D:1)
  2 orcs (D:2)
  An endoplasm (D:1)
  A giant cockroach (D:1)
  2 goblins (D:1)
  3 hobgoblins (D:1)
  A kobold (D:1)
  A ball python (D:1)
  A rat (D:1)
13 creatures vanquished.

Notes
Turn   | Place    | Note
-------+----------+-------------------------------------------
     0 | D:1      | Alexito the Troll Gladiator began the quest for the Orb.
     0 | D:1      | Reached XP level 1. HP: 19/19 MP: 0/0
   146 | D:1      | Reached XP level 2. HP: 27/27 MP: 1/1
   263 | D:2      | Slain by an orc priest

Illustrated notes

Levels and vault maps discovered:
D:1:      scummos_arrival_hexagon, layout_loops_ring
D:2:      layout_loops_cross, ebering_ecumenical_altar_mist

Action                   || total
-------------------------++-------
Melee: Unarmed           ||    25
       Short sword       ||     7
       Punch             ||     1
 Stab: Sleeping          ||     1
Armor: Robe              ||     4
Dodge: Dodged            ||    10
